AoeStats
← bullseyes

Nomad

506349936Analyzed
4v4 RM · 18d ago on Sep 13, 2026· 58m 9s· 8 players
Game mode
Random Map
Map size
231×231
Population
200
Speed
Normal
Resources
Standard
Victory
Conquest
Starting age
Dark Age
Ending age
Imperial Age
RankedLock teamsTeams togetherTeam positionsShared explorationLock speedFull tech treeHidden civsTurbo modeCheats
Victory
Defeat
🇮🇩 Persians · Indonesia
1736
+11
🇨🇦 Hindustanis · Canada
1637
+15
🇦🇺 Vikings · Australia
1598
+17
🇮🇩 Gurjaras · Indonesia
1508
+20
🇫🇷 Teutons · France
1640
-17
🇦🇺 Burgundians · Australia
1622
-16
🇦🇺 Khmer · Australia
1606
-15
🇧🇪 Wei · Belgium
1584
-15
Sp Bro
5:02 Loom
12:28 Feudal Age
16:38 Forging
19:34 Double-Bit Axe
22:51 Castle Age
21:25 Fletching
21:45 Horse Collar
22:59 Gold Mining
23:42 Bodkin Arrow
24:46 Crossbowman
50:53 Double-Bit Axe
JiKa
4:24 Loom
12:26 Feudal Age
13:20 Double-Bit Axe
15:29 Horse Collar
16:54 Scale Barding Armor
18:44 Forging
23:07 Castle Age
21:21 Scale Mail Armor
23:22 Pikeman
24:04 Squires
25:20 Chain Mail Armor
26:56 Town Watch
27:48 Wheelbarrow
29:34 Bow Saw
34:25 Hand Cart
35:07 Heavy Plow
39:16 Gold Mining
43:25 Imperial Age
41:40 Arson
42:33 Iron Casting
44:26 Ironclad
43:38 Capped Ram
44:51 Plate Mail Armor
43:49 Halberdier
45:40 Conscription
46:37 Blast Furnace
45:49 Onager
46:40 Fletching
48:00 Chemistry
48:44 Two-Man Saw
48:15 Crop Rotation
49:08 Bodkin Arrow
49:35 Ballistics
49:13 Siege Onager
50:25 Siege Onager
52:24 Masonry
53:29 Crenellations
53:45 Stone Mining
54:51 Siege Engineers
59:12 Hoardings
RogerRamjet
4:42 Loom
9:50 Double-Bit Axe
13:18 Feudal Age
14:52 Bow Saw
19:57 Castle Age
18:12 Fletching
18:34 Fishing Lines
19:29 Gillnets
19:40 Gold Mining
20:35 Bodkin Arrow
21:07 Medium Warships
23:32 Wheelbarrow
24:17 Horse Collar
25:54 Clinker Construction
25:55 Careening
29:00 Town Watch
29:40 Hand Cart
30:21 Ballistics
30:36 Scale Barding Armor
31:01 Heavy Plow
32:08 Stone Mining
32:53 Gold Shaft Mining
36:17 Imperial Age
33:59 Forging
34:32 Murder Holes
34:18 Treadmill Crane
35:33 Chain Barding Armor
35:49 Iron Casting
36:59 Iron Casting
39:41 Bracer
39:13 Pikeman
39:54 Squires
40:28 Scale Mail Armor
40:28 Halberdier
42:22 Chain Mail Armor
41:42 Capped Ram
42:41 Arson
44:04 Stone Shaft Mining
44:05 Conscription
45:10 Plate Mail Armor
45:40 Blast Furnace
45:27 Hoardings
46:04 Blast Furnace
46:33 Chemistry
46:11 Coinage
46:26 Burgundian Vineyards
46:58 Masonry
49:30 Banking
50:00 Plate Barding Armor
51:08 Padded Archer Armor
53:24 Leather Archer Armor
53:42 Architecture
53:16 Caravan
bullseyes
5:15 Loom
11:41 Feudal Age
12:16 Double-Bit Axe
12:25 Gold Mining
17:45 Wheelbarrow
21:24 Fishing Lines
25:15 Castle Age
26:18 Medium Warships
26:41 Bow Saw
27:20 Clinker Construction
27:20 Careening
27:47 Horse Collar
29:46 Gillnets
31:34 Town Watch
32:31 Stone Mining
34:20 Stone Shaft Mining
34:21 Gold Shaft Mining
34:20 Scale Barding Armor
35:08 Hand Cart
36:47 Heavy Plow
39:37 Imperial Age
37:38 Husbandry
37:49 Bloodlines
37:58 Fletching
38:09 Padded Archer Armor
38:30 Chain Barding Armor
37:52 Treadmill Crane
38:34 Ballistics
38:25 Masonry
38:41 Thumb Ring
39:29 Bodkin Arrow
41:44 Bracer
42:48 Chemistry
42:33 Conscription
43:48 Leather Archer Armor
43:44 Forging
44:02 Ming Guang Armor
44:08 Elite Tiger Cavalry
45:31 Tuntian
56:12 Parthian Tactics
JMDDN
4:30 Loom
12:12 Feudal Age
16:07 Castle Age
14:00 Double-Bit Axe
14:10 Fishing Lines
17:05 Bow Saw
20:20 Bow Saw
23:03 Wheelbarrow
22:48 Town Watch
22:50 Horse Collar
25:31 Heavy Plow
27:01 Hand Cart
31:20 Imperial Age
28:44 Gold Mining
29:23 Fletching
29:39 Scale Barding Armor
30:36 Bodkin Arrow
30:50 Scale Mail Armor
31:25 Heavy Camel Rider
32:23 Scale Mail Armor
33:25 Chain Mail Armor
35:53 Chain Barding Armor
36:47 Forging
39:20 Plate Barding Armor
39:55 Iron Casting
40:01 Ballistics
39:59 Bloodlines
39:49 Husbandry
41:08 Conscription
42:42 Blast Furnace
42:53 Gold Shaft Mining
42:08 Stone Mining
41:44 Imperial Camel Rider
44:09 Grand Trunk Road
45:30 Chemistry
44:45 Squires
44:48 Bracer
45:00 Masonry
45:36 Padded Archer Armor
45:33 Murder Holes
46:15 Hoardings
49:24 Two-Man Saw
48:30 Caravan
49:01 Coinage
49:14 Shatagni
50:23 Siege Engineers
52:19 Leather Archer Armor
55:10 Ring Archer Armor
[LOEL] - Nep
5:35 Loom
12:59 Feudal Age
13:30 Feudal Age
18:38 Castle Age
17:02 Double-Bit Axe
17:07 Fishing Lines
18:25 Bloodlines
19:13 Gillnets
20:01 Scale Barding Armor
20:52 Forging
22:50 Wheelbarrow
23:15 Husbandry
27:18 Chain Barding Armor
29:54 Iron Casting
29:39 Bow Saw
30:05 Horse Collar
43:15 Hand Cart
43:21 Light Cavalry
45:04 Heavy Plow
44:56 Stone Mining
44:57 Gold Mining
51:00 Imperial Age
49:57 Caravan
50:45 Hussar
52:06 Plate Barding Armor
53:41 Blast Furnace
53:46 Coinage
53:33 Guilds
54:32 Cavalier
56:58 Conscription
56:07 Savar
Embege
3:15 Loom
5:05 Loom
13:36 Feudal Age
14:30 Double-Bit Axe
21:52 Castle Age
19:47 Fletching
19:58 Padded Archer Armor
20:34 Gold Mining
22:51 Medium Warships
23:51 Bodkin Arrow
26:36 Clinker Construction
36:29 Wheelbarrow
36:37 Gold Shaft Mining
36:08 Horse Collar
37:47 Hand Cart
40:52 Imperial Age
39:38 Leather Archer Armor
39:54 Ballistics
40:20 Husbandry
40:31 Bloodlines
41:27 Thumb Ring
42:33 Chemistry
40:59 Elite Elephant Archer
42:43 Bow Saw
43:18 Bracer
45:58 Forging
45:53 Scale Barding Armor
45:58 Forging
46:41 Conscription
46:19 Light Cavalry
47:58 Stone Mining
58:59 Chain Barding Armor
59:14 Iron Casting
OM | Flare
4:46 Loom
12:40 Feudal Age
13:36 Double-Bit Axe
17:01 Fletching
19:22 Gold Mining
25:49 Castle Age
26:40 Medium Warships
27:56 Bow Saw
28:08 Bodkin Arrow
31:10 Horse Collar
33:46 Clinker Construction
37:28 Pikeman
38:08 Squires
37:53 Arson
46:20 Imperial Age
45:05 Crossbowman
46:23 Arbalester
47:16 Bracer
48:37 Ballistics
49:17 Heavy Warships
50:40 Chemistry
52:25 Bogsveigar
53:28 Padded Archer Armor
55:16 Scale Mail Armor
56:23 Chain Mail Armor
57:33 Forging
Connection lost

Rejoining the realm…

Still unreachable

The connection could not be restored.

Session expired

The server has moved on; the page needs a fresh start.